 Dungeon Sprint DCSS version 0.31-a0-868-g674d60d6f7 (webtiles) character file.

Game seed: 11238873863741271980

286 rocky1 the Insei (level 5, -10/40 HPs)
             Began as a Demigod Shapeshifter on Oct 12, 2023.
             Mangled by a vampire mosquito (12 damage)
             ... in the Dungeon (Sprint II: "The Violet Keep of Menkaure").
             The game lasted 00:01:24 (314 turns).

rocky1 the Insei (Demigod Shapeshifter)              Turns: 314, Time: 00:01:25

Health: -10/40     AC:  2    Str: 15    XL:     5   Next: 80%
Magic:  7/7        EV: 14    Int: 12    God:
Gold:   486        SH:  0    Dex: 17    Spells: 4/4 levels left

rFire   . .          .
                       - Unarmed
rCold   . . .        (no shield)
rNeg    . . .        a - +0 animal skin
rPois   .            (helmet currently unavailable)
rElec   .            (cloak currently unavailable)
rCorr   .            (gloves currently unavailable)
SInv    .            (boots currently unavailable)
Will    .....        (no amulet)
Stlth   +            (no ring)
HPRegen 0.26/turn    (no ring)
MPRegen 0.10/turn

%: no teleportation
@: beast-form, very slow
A: beast (slay +4), high MP 1, forlorn, divine attributes
a: Begin Untransformation


You were in the Dungeon.
You were a hulking beast.
You visited 1 branch You collected 486 gold pieces.

Inventory:

Armour
 a - a +0 animal skin (worn)
Talismans
 c - a beast talisman (active)
 d - a flux talisman
Scrolls
 j - a scroll of blinking
Potions
 e - a potion of curing
 f - a potion of heal wounds
 g - a potion of haste
 h - 2 potions of magic
 i - a potion of berserk rage


   Skills:
 + Level 1.5 Fighting
 + Level 4.1 Dodging
 + Level 7.9 Unarmed Combat
 + Level 7.8 Shapeshifting


You had 4 spell levels left.
You didn't know any spells.
Your spell library was empty.

Dungeon Overview and Level Annotations

Branches:
Dungeon (1/1)

Shops:
D *?[[[!

Annotations:
D exclusion: obsidian statue


Innate Abilities, Weirdness & Mutations

You are a hulking beast.
Your limbs bulge with bestial killing power. (Slay +4)
You have an increased reservoir of magic. (+10% MP)
You shall have no god before yourself.
Your divine heritage dramatically boosts your attributes as you level up.


Message History

There is an open door here.
You enter the shallow water.
Moving in this stuff is going to be slow.
You start resting.
HP restored.
Found Veij's Antique Armour Shop.
Found Keligg's Antique Armour Boutique and Fusy's Antique Armour Boutique.
Found three shops.
You open the door.
A vampire mosquito comes into view.
The vampire mosquito buzzes angrily.
The vampire mosquito bites you but does no damage.
Found 6 stones.
You punch the vampire mosquito!
The vampire mosquito is moderately damaged.
The vampire mosquito barely misses you.
The vampire mosquito closely misses you.
Your unstable footing causes you to fumble your attack.
The vampire mosquito bites you.
The vampire mosquito draws strength from your injuries!
The vampire mosquito bites you but does no damage.
You miss the vampire mosquito. Your punch misses the vampire mosquito.
The vampire mosquito is moderately damaged.
The vampire mosquito bites you!
The vampire mosquito draws strength from your injuries!
Your unstable footing causes you to fumble your attack.
The vampire mosquito bites you!
The vampire mosquito draws strength from your injuries!
The vampire mosquito bites you!
* * * LOW HITPOINT WARNING * * *
The vampire mosquito draws strength from your injuries!
You closely miss the vampire mosquito. The vampire mosquito barely misses you.
The vampire mosquito bites you!
* * * LOW HITPOINT WARNING * * *
The vampire mosquito draws strength from your injuries!
Your unstable footing causes you to fumble your attack.
The vampire mosquito closely misses you.
You completely miss the vampire mosquito.
The vampire mosquito bites you!
You die...

.# ∩.∩.∩#~ ### .##
.∩.. #~ #+#
#.##..# ∩.∩..#~
##.###..#..#
.⌠...+~
+.<.'.##+.§#
....#~
##.###..#..§.
###~##
#†###.##....
#~~#####..####
~.§. #h~~#†##.†#
§~~~ #y#~##.#.##
~§~~~
#(#~~##'##~~~≈§≈§§
####~~~~~~~~~~≈≈§§
#+++#+++#~≈≈ §≈≈≈
○≈§§≈≈ ≈§8≈≈§≈≈+
≈≈≈§≈≈≈##


You could see a vampire mosquito.

Vanquished Creatures
  A water moccasin (D)
  4 scorpions (D)
  3 worms (D)
8 creatures vanquished.

Notes
Turn   | Place    | Note
-------+----------+-------------------------------------------
     0 | D        | rocky1 the Demigod Shapeshifter began the quest for the
                  | Orb.
     0 | D        | Reached XP level 1. HP: 15/15 MP: 3/3
     1 | D        | Noticed a scorpion
     1 | D        | Noticed a scorpion
     1 | D        | Noticed a scorpion
     3 | D        | Noticed a scorpion
     8 | D        | Killed a scorpion
     9 | D        | Reached skill level 1 in Fighting
     9 | D        | Reached skill level 5 in Unarmed Combat
     9 | D        | Reached skill level 5 in Shapeshifting
     9 | D        | Reached XP level 2. HP: 23/23 MP: 4/4
     9 | D        | Reached XP level 3. HP: 28/28 MP: 5/5
    11 | D        | Killed a scorpion
    12 | D        | Reached XP level 4. HP: 35/35 MP: 6/6
    19 | D        | Reached XP level 5. HP: 40/40 MP: 7/7
   150 | D        | Noticed a water moccasin
   162 | D        | Killed a water moccasin
   262 | D        | Noticed an obsidian statue
   303 | D        | Found Veij's Antique Armour Shop.
   305 | D        | Found Keligg's Antique Armour Boutique.
   305 | D        | Found Fusy's Antique Armour Boutique.
   306 | D        | Found Lamonin's Magic Scroll Boutique.
   306 | D        | Found Jafus's Distillery.
   306 | D        | Found Pozekh's General Store.
   307 | D        | Noticed a vampire mosquito
   312 | D        | HP: 1/40 [vampire mosquito (7)]
   314 | D        | Mangled by a vampire mosquito

Illustrated notes

Levels and vault maps discovered:
D:        the_violet_keep_of_menkaure [sprint2_stairs_cluster_1,
          sprint2_shoproom, sprint2_temple, sprint2_basic_supplies,
          sprint2_obstacle_3, sprint2_obstacle_5, sprint2_obstacle_7,
          sprint2_obstacle_2, sprint2_obstacle_4, sprint2_timed_cluster_1,
          sprint2_smallroom_cluster_1, sprint2_smallroom_final_cluster_1,
          sprint2_transparent_cluster_1, sprint2_second_timed_cluster_1,
          sprint2_sniper_area_1, sprint2_heavy_combat_area_1,
          sprint2_mutation_trap_area_1, sprint2_forest_area_1,
          sprint2_light_combat_area_1, sprint2_behind_water_1,
          sprint2_near_end_vault_1]

Skill      XL: |  1  2  3  4  5 |
---------------+----------------+-----
Fighting       | 1 |  1.5
Dodging        | 2 3 4 |  4.1
Unarmed Combat | 5 6 7 |  7.9
Shapeshifting  | 5 6 7 |  7.8

Action                     |  1- 3 |  4- 6 || total
---------------------------+-------+-------++-------
  Melee: Unarmed           |     9 |    41 ||    50
         Punch             |       |     3 ||     3
    Use: Potion            |     1 |       ||     1
 Armour: Skin              |     7 |    12 ||    19
         Animal skin       |       |    15 ||    15
  Dodge: Dodged            |     1 |    14 ||    15

Table legend: (Time is in decaauts)
 A = Elapsed time spent in this place.
 B = Non-inter-level travel time spent in this place.
 C = Inter-level travel time spent in this place.
 D = Time resting spent in this place.
 E = Time spent auto-exploring this place.
 F = Levels seen in this place.
 G = Mean time per level.
                   A        B        C        D        E       F      G
               +--------+--------+--------+--------+--------+-----+--------+
         Total |    313 |    313 |      0 |    215 |      0 |   1 |  313.0 |
       Dungeon |    313 |    313 |      0 |    215 |      0 |   1 |  313.0 |
               +--------+--------+--------+--------+--------+-----+--------+

Top non-repeatable levels by time:
       D: 313 daAuts
